 Dungeon Crawl Stone Soup version 0.29.1-2-gbd0b4ee654 (webtiles) character file.

Game seed: 14203844881701580650

103 GeoRichter the Conjurer (level 4, -1/24 HPs)
             Began as a Tengu Conjurer on Nov 13, 2022.
             Frozen to death by an endoplasm (4 damage)
             ... on level 3 of the Dungeon.
             The game lasted 00:03:31 (2716 turns).

GeoRichter the Conjurer (Tengu Conjurer)            Turns: 2716, Time: 00:03:32

Health: -1/24      AC:  4    Str:  7    XL:     4   Next: 79%
Magic:  1/9        EV: 11    Int: 21    God:
Gold:   119        SH:  3    Dex: 12    Spells: 6/9 levels left

rFire   + . .      SeeInvis .   l - +0 long sword
rCold   . . .      Faith    .   d - +0 buckler
rNeg    . . .      Spirit   .   h - +2 robe of Dim Light {rF+ Slay+2}
rPois   .          Reflect  .   (helmet restricted)
rElec   .          Harm     .   (no cloak)
rCorr   .          Rampage  .   (no gloves)
Will    .....                   (boots unavailable)
Stlth   ++........              (no amulet)
HPRegen 0.08/turn               (no ring)
MPRegen 0.11/turn               (no ring)

@: no status effects
A: beak, talons 3
a: no special abilities


You were on level 3 of the Dungeon.
You visited 1 branch of the dungeon, and saw 3 of its levels.

You collected 119 gold pieces.

Inventory:

Hand Weapons
 l - a +0 long sword (weapon)
   (You found it on level 3 of the Dungeon)
Armour
 d - a +0 buckler (worn)
   (You found it on level 3 of the Dungeon)
 h - the +2 robe of Dim Light (worn) {rF+ Slay+2}
   (You found it on level 2 of the Dungeon)

   Slay:      It affects your accuracy & damage with ranged weapons and melee
   (+2).
   rF:        It protects you from fire.
Wands
 n - a wand of charming (10)
   (You found it on level 3 of the Dungeon)
Scrolls
 c - a scroll of teleportation {unknown}
 f - a scroll of acquirement {unknown}
 g - 3 scrolls of identify {unknown}
 i - a scroll of noise {unknown}
 j - a scroll of brand weapon {unknown}
 k - a scroll of vulnerability {unknown}
Potions
 a - 2 potions of curing {unknown}
 b - a potion of magic
 e - a potion of cancellation {unknown}
 m - a potion of attraction {unknown}


   Skills:
 - Level 2.1 Dodging
 - Level 2.0 Stealth
 + Level 3.0 Spellcasting
 * Level 7.2 Conjurations


You had 6 spell levels left.
You knew the following spells:

 Your Spells              Type           Power      Damage    Failure   Level
a - Magic Dart            Conj           100%       1d8       1%          1
b - Searing Ray           Conj           66%        2d6       1%          2

Your spell library contained the following spells:

 Spells                   Type           Power      Damage    Failure   Level
 Dazzling Flash           Conj/Hex       36%        N/A       12%         3
 Apportation              Tloc           6%         N/A       19%         1
 Necrotise                Necr           12%        1d4       19%         1
 Summon Small Mammal      Summ           12%        N/A       19%         1
 Fulminant Prism          Conj/Hex       9%         3d7       38%         4
 Iskenderun's Mystic Bla  Conj/Tloc      18%        2d6       38%         4


Dungeon Overview and Level Annotations

Branches:
Dungeon (3/15) Zot: 15282

Altars:
Cheibriados

Annotations:
D:3 Grinder


Innate Abilities, Weirdness & Mutations

You have a beak for a mouth.
You have claws for feet.


Message History

The magic dart hits Grinder.
Aim: Grinder (lightly wounded, 78% to hit)
The searing ray hits Grinder! (Press . to maintain the ray.)
The searing ray hits Grinder.
The searing ray hits Grinder.
Grinder blinks!
The magic dart hits Grinder but does no damage.
The magic dart hits Grinder but does no damage.
Grinder blinks!
You close the door.
You start resting.
Grinder opens the door.
The magic dart hits Grinder.
You barely miss Grinder. You claw Grinder. You peck Grinder. Grinder hits you.
You writhe in agony.
Grinder gestures at you. You resist with significant effort.
Unknown command.
You closely miss Grinder. Grinder gestures at you.
You resist with significant effort.
You closely miss Grinder.
Grinder blinks!
It's broken and can't be closed.
Unknown command.
An endoplasm comes into view.
The endoplasm quivers.
You start resting.
Grinder is nearby!
Aim: Grinder (severely wounded, 78% to hit)
The searing ray hits Grinder! (Press . to maintain the ray.) Without enough magic to sustain it, your searing ray dissipates.
You hit Grinder but do no damage.
Grinder blinks!
Grinder gestures at you.
You suddenly lose the ability to move!
The endoplasm freezes you.
You are frozen.
* * * LOW HITPOINT WARNING * * *
Grinder gestures at you. Pain shoots through your body!
* * * LOW HITPOINT WARNING * * *
The endoplasm hits you but does no damage.
You can move again.
You hit the endoplasm.
Grinder says, "At least Makhleb appreciates what I'm doing."
Grinder gestures at you.
You shrug off the repeated paralysis!
The endoplasm freezes you.
You are frozen.
You die...

....... #.##.....####.# #####
........##.###...###.#.###....
........##.##.....##.#...'....
....)...##.#.##.##.#.#####....
........#...###.###...........
#.....5.#.....#.# ############
#......#...#.#.###......#####
##.....'...+.................
#......#...#@.....###........
#.......#...#J................
....#####...#.............#...
... ......................'...
.. #......#.....5........#...
.......#.........)........
.......#...........#..#...
.......#.................#
.........................<


You could see Grinder and an endoplasm.

Vanquished Creatures
  A gnoll (D:1)
  4 adders
  3 dart slugs
  6 ball pythons
  6 bats (D:1)
  5 endoplasms
  9 goblins
  3 hobgoblins
  A kobold (D:2)
  2 quokkas (D:2)
  4 frilled lizards (D:1)
  7 rats
51 creatures vanquished.

Notes
Turn   | Place    | Note
-------+----------+-------------------------------------------
     0 | D:1      | GeoRichter the Tengu Conjurer began the quest for the Orb.
     0 | D:1      | Reached XP level 1. HP: 10/10 MP: 4/4
    91 | D:1      | Reached XP level 2. HP: 15/15 MP: 0/6
   446 | D:1      | Reached skill level 6 in Conjurations
   446 | D:1      | Reached XP level 3. HP: 19/19 MP: 3/7
  1441 | D:2      | Learned a level 2 spell: Searing Ray
  1504 | D:2      | Identified the +2 robe of Dim Light {rF+ Slay+2}
  1595 | D:2      | Reached XP level 4. HP: 24/24 MP: 7/9
  1931 | D:2      | Found a snail-covered altar of Cheibriados.
  2184 | D:2      | Reached skill level 7 in Conjurations
  2677 | D:3      | Noticed Grinder
  2680 | D:3      | Paralysed by Grinder for 2 turns
  2713 | D:3      | Paralysed by Grinder for 3 turns
  2716 | D:3      | Frozen to death by an endoplasm

Illustrated notes

Levels and vault maps discovered:
D:1:      scummos_arrival_star, layout_loops_corners
D:2:      layout_basic, basic_altar, minmay_quantized
D:3:      layout_basic, nemelex_diamond_rough_becter,
          mainiacjoe_overflow_catwalk, basic_ecumenical_altar, hex_intersection,
          minmay_hedge_maze, uniq_grinder

Skill      XL: |  1  2  3  4 |
---------------+-------------+-----
Conjurations   | 6 7 |  7.2
Spellcasting   | 3 |  3.0
Dodging        | |  2.1
Stealth        | |  2.0

Action                   |  1- 3 |  4- 6 || total
-------------------------+-------+-------++-------
Melee: Unarmed           |     4 |       ||     4
       Kick              |     1 |     1 ||     2
       Peck              |     1 |     1 ||     2
       Long sword        |       |     5 ||     5
       Falchion          |       |     2 ||     2
 Cast: Magic Dart        |    63 |    37 ||   100
       Searing Ray       |       |     2 ||     2
Armor: Robe              |     4 |     1 ||     5
Dodge: Dodged            |    11 |     2 ||    13
